 Dungeon Sprint DCSS version 0.23-a0-175-g97aacdb (webtiles) character file.

11300000 Fang the Champion of Chaos (level 27, -36/244 (249) HPs)
             Began as a Gnoll Gladiator on Sept 17, 2018.
             Was the Champion of Makhleb.
             Killed by the air
             ... invoked by a tyrant
              (48 damage)
             ... in the Dungeon (Sprint VIII: "Arena of Blood").
             The game lasted 00:04:23 (113 turns).

Fang the Champion of Chaos (Gnoll Gladiator)         Turns: 113, Time: 00:04:23

HP:   -36/244 (249) AC:  8    Str: 25    XL:     27
MP:   9/54          EV: 32    Int: 15    God:    Makhleb [******]
Gold: 0             SH:  0    Dex: 17    Spells: 80/80 levels left

rFire    . . .     SeeInvis .   l - +∞ Axe of Woe
rCold    . . .     Gourm    .   (shield currently unavailable)
rNeg     . . .     Faith    .   b - +0 leather armour
rPois    .         Spirit   .   c - +0 helmet
rElec    .         Reflect  .   (no cloak)
rCorr    .         Harm     .   (no gloves)
MR       ++...     NoTele   +   (no boots)
Stlth    +++++++++.             (no amulet)
HPRegen  0.50/turn              (no ring)
MPRegen  0.34/turn              (no ring)

@: no status effects
A: distributed training, fangs 1, strong nose
a: Minor Destruction, Lesser Servant of Makhleb, Major Destruction, Greater
Servant of Makhleb, Renounce Religion


You were in the Dungeon.
You worshipped Makhleb.
Makhleb was exalted by your worship.
You were not hungry.

You visited 1 branch

Inventory:

Hand Weapons
 a - a +0 war axe
 l - the +∞ Axe of Woe (weapon)
   (You found it in the Dungeon)
Missiles
 d - 3 throwing nets (quivered)
Armour
 b - a +0 leather armour (worn)
 c - a +0 helmet (worn)
Scrolls
 k - a scroll of blinking
Potions
 e - a potion of curing
 g - a potion of heal wounds
 h - a potion of haste
 i - 2 potions of magic
 j - a potion of berserk rage
Comestibles
 f - a ration


   Skills:
 O Level 27 Fighting
 O Level 27 Short Blades
 O Level 27 Long Blades
 O Level 27 Axes
 O Level 27 Maces & Flails
 O Level 27 Polearms
 O Level 27 Staves
 O Level 27 Slings
 O Level 27 Bows
 O Level 27 Crossbows
 O Level 27 Throwing
 O Level 27 Armour
 O Level 27 Dodging
 O Level 27 Stealth
 O Level 27 Shields
 O Level 27 Unarmed Combat
 O Level 27 Spellcasting
 O Level 27 Conjurations
 O Level 27 Hexes
 O Level 27 Charms
 O Level 27 Summonings
 O Level 27 Necromancy
 O Level 27 Translocations
 O Level 27 Transmutations
 O Level 27 Fire Magic
 O Level 27 Ice Magic
 O Level 27 Air Magic
 O Level 27 Earth Magic
 O Level 27 Poison Magic
 O Level 27 Invocations
 O Level 27 Evocations


You had 80 spell levels left.
You didn't know any spells.
Your spell library was empty.

Dungeon Overview and Level Annotations

Branches:
Dungeon (1/1)

Altars:
Makhleb


Innate Abilities, Weirdness & Mutations

Your experience applies equally to all skills.
You have very sharp teeth.
Your uncanny sense of smell can sniff out nearby items.


Message History

You hear a shout! x3; The bag of meat shouts!
You are too injured to fight recklessly!
Unknown command.
You are too injured to fight recklessly!
Unknown command.
You are too injured to fight recklessly!
Unknown command.
You are too injured to fight recklessly!
Unknown command.
You hear a shout! x7
The accursed gestures at you while chanting.
Something smites you!
* * * LOW HITPOINT WARNING * * *
You hear a shout! x2; You feel something staring at you.
A fireball appears from out of thin air!
The fireball explodes!
The fireball engulfs you!
* * * LOW HITPOINT WARNING * * *
The tyrant waves its bony arms in wide circles.
The air twists around and strikes you!
You die...

.. ...##.# ......
........
......####.....##.
.....#.........%..
......#..........#
.....#...........
###...#..).......
##.....)#))).%.......
......)))@)..........
..#...))))%.%........
...#.§)§))).#.......#
.....§#§)O..#.......#
...#.....L###.......###.
....O....))....###......
.......#oM)))).._......
.....#..).)).#))...#.
###..........#_)<._#


You could see an accursed, a tyrant, a meat berserker (berserk) and a bag of
meat.

Vanquished Creatures
  3 great orbs of eyes (D)
  A hydra (D)
  6 hell beasts (D)
  5 greater mummies (D)
  70 orcs (D)
  2 phantoms (D)
  7 skeletal warriors (D)
  2 wraiths (D)
  3 large abominations (D)
  7 small abominations (D)
  16 crawling corpses (D)
  14 vampire knights (D)
  22 ogres (D)
  3 two-headed ogres (D)
  2 liches (D)
163 creatures vanquished.

Vanquished Creatures (others)
  3 crawling corpses (D)
3 creatures vanquished.

Grand Total: 166 creatures vanquished

Notes
Turn   | Place    | Note
-------+----------+-------------------------------------------
     0 | D        | Found the +∞ Axe of Woe
     0 | D        | Fang the Gnoll Gladiator began the quest for the Orb.
     0 | D        | Reached XP level 1. HP: 20/20 MP: 1/1
     2 | D        | Noticed a meat berserker
     2 | D        | Noticed a bag of meat
     3 | D        | Noticed a bag of meat
     4 | D        | Killed a meat berserker
     4 | D        | Reached skill level 10 in Conjurations
     4 | D        | Reached skill level 10 in Hexes
     4 | D        | Reached skill level 10 in Charms
     4 | D        | Reached skill level 10 in Summonings
     4 | D        | Reached skill level 10 in Necromancy
     4 | D        | Reached skill level 10 in Translocations
     4 | D        | Reached skill level 10 in Transmutations
     4 | D        | Reached skill level 10 in Fire Magic
     4 | D        | Reached skill level 10 in Ice Magic
     4 | D        | Reached skill level 10 in Air Magic
     4 | D        | Reached skill level 10 in Earth Magic
     4 | D        | Reached skill level 10 in Poison Magic
     4 | D        | Reached XP level 2. HP: 40/40 MP: 1/15
     4 | D        | Reached XP level 3. HP: 46/46 MP: 1/17
     4 | D        | Reached XP level 4. HP: 53/53 MP: 1/18
     4 | D        | Reached XP level 5. HP: 59/59 MP: 1/20
     4 | D        | Reached XP level 6. HP: 66/66 MP: 1/21
     4 | D        | Reached XP level 7. HP: 72/72 MP: 1/23
     4 | D        | Reached XP level 8. HP: 79/79 MP: 1/24
     4 | D        | Reached XP level 9. HP: 85/85 MP: 1/25
     4 | D        | Reached XP level 10. HP: 92/92 MP: 1/26
     4 | D        | Reached XP level 11. HP: 98/98 MP: 1/27
     4 | D        | Reached XP level 12. HP: 105/105 MP: 1/28
     4 | D        | Reached XP level 13. HP: 111/111 MP: 1/29
     4 | D        | Noticed a bag of meat
     4 | D        | Noticed a bag of meat
     6 | D        | Became a worshipper of Makhleb the Destroyer
     6 | D        | Noticed a bag of meat
     7 | D        | Noticed a bag of meat
     8 | D        | Killed a bag of meat
     8 | D        | Reached XP level 14. HP: 120/120 MP: 1/31
     8 | D        | Noticed a meat berserker
     8 | D        | Noticed a bag of meat
     9 | D        | Killed a bag of meat
     9 | D        | Reached * piety under Makhleb
     9 | D        | Reached skill level 15 in Fighting
     9 | D        | Reached skill level 15 in Axes
     9 | D        | Reached skill level 15 in Throwing
     9 | D        | Reached skill level 15 in Dodging
     9 | D        | Reached skill level 15 in Invocations
    10 | D        | Killed a bag of meat
    10 | D        | Reached skill level 15 in Short Blades
    10 | D        | Reached skill level 15 in Long Blades
    10 | D        | Reached skill level 15 in Maces & Flails
    10 | D        | Reached skill level 15 in Polearms
    10 | D        | Reached skill level 15 in Staves
    10 | D        | Reached skill level 15 in Slings
    10 | D        | Reached skill level 15 in Bows
    10 | D        | Reached skill level 15 in Crossbows
    10 | D        | Reached skill level 15 in Armour
    10 | D        | Reached skill level 15 in Stealth
    10 | D        | Reached skill level 15 in Shields
    10 | D        | Reached skill level 15 in Unarmed Combat
    10 | D        | Reached skill level 15 in Spellcasting
    10 | D        | Reached skill level 15 in Evocations
    10 | D        | Reached XP level 15. HP: 125/130 MP: 2/34
    11 | D        | Killed a meat berserker
    11 | D        | Reached XP level 16. HP: 141/141 MP: 2/36
    12 | D        | Reached ** piety under Makhleb
    12 | D        | Reached skill level 15 in Conjurations
    12 | D        | Reached skill level 15 in Hexes
    12 | D        | Reached skill level 15 in Charms
    12 | D        | Reached skill level 15 in Summonings
    12 | D        | Reached skill level 15 in Necromancy
    12 | D        | Reached skill level 15 in Translocations
    12 | D        | Reached skill level 15 in Transmutations
    12 | D        | Reached skill level 15 in Fire Magic
    12 | D        | Reached skill level 15 in Ice Magic
    12 | D        | Reached skill level 15 in Air Magic
    12 | D        | Reached skill level 15 in Earth Magic
    12 | D        | Reached skill level 15 in Poison Magic
    12 | D        | Reached XP level 17. HP: 151/151 MP: 3/39
    12 | D        | Noticed a meat berserker
    13 | D        | Noticed a meat berserker
    13 | D        | Noticed a meat berserker
    13 | D        | Noticed a destroyer
    15 | D        | Reached *** piety under Makhleb
    15 | D        | Noticed a meat berserker
    16 | D        | Killed a meat berserker
    16 | D        | Reached XP level 18. HP: 164/164 MP: 4/42
    18 | D        | Killed a destroyer
    18 | D        | Killed a meat berserker
    18 | D        | Reached **** piety under Makhleb
    18 | D        | Reached XP level 19. HP: 176/176 MP: 4/45
    19 | D        | Killed a meat berserker
    19 | D        | Reached XP level 20. HP: 188/188 MP: 5/47
    20 | D        | Killed a meat berserker
    20 | D        | Reached ***** piety under Makhleb
    22 | D        | Reached skill level 27 in Invocations
    22 | D        | Reached XP level 21. HP: 199/199 MP: 5/50
    23 | D        | Noticed a meat berserker
    25 | D        | Noticed a destroyer
    26 | D        | Noticed a destroyer
    27 | D        | Killed a meat berserker
    27 | D        | Reached skill level 27 in Axes
    27 | D        | Reached skill level 27 in Dodging
    29 | D        | Killed a destroyer
    29 | D        | Reached skill level 27 in Fighting
    29 | D        | Reached skill level 27 in Short Blades
    29 | D        | Reached skill level 27 in Long Blades
    29 | D        | Reached skill level 27 in Maces & Flails
    29 | D        | Reached skill level 27 in Polearms
    29 | D        | Reached skill level 27 in Staves
    29 | D        | Reached skill level 27 in Slings
    29 | D        | Reached skill level 27 in Bows
    29 | D        | Reached skill level 27 in Crossbows
    29 | D        | Reached skill level 27 in Throwing
    29 | D        | Reached skill level 27 in Armour
    29 | D        | Reached skill level 27 in Stealth
    29 | D        | Reached skill level 27 in Shields
    29 | D        | Reached skill level 27 in Unarmed Combat
    29 | D        | Reached skill level 27 in Spellcasting
    29 | D        | Reached skill level 27 in Evocations
    29 | D        | Reached XP level 22. HP: 128/212 MP: 7/53
    30 | D        | Reached ****** piety under Makhleb
    31 | D        | Killed a destroyer
    32 | D        | Noticed a large bag of meat
    32 | D        | Noticed a large bag of meat
    34 | D        | Reached skill level 27 in Conjurations
    34 | D        | Reached skill level 27 in Hexes
    34 | D        | Reached skill level 27 in Charms
    34 | D        | Reached skill level 27 in Summonings
    34 | D        | Reached skill level 27 in Necromancy
    34 | D        | Reached skill level 27 in Translocations
    34 | D        | Reached skill level 27 in Transmutations
    34 | D        | Reached skill level 27 in Fire Magic
    34 | D        | Reached skill level 27 in Ice Magic
    34 | D        | Reached skill level 27 in Air Magic
    34 | D        | Reached skill level 27 in Earth Magic
    34 | D        | Reached skill level 27 in Poison Magic
    34 | D        | Reached XP level 23. HP: 219/219 MP: 9/54
    35 | D        | Noticed a destroyer
    35 | D        | Noticed a destroyer
    38 | D        | Killed a large bag of meat
    38 | D        | Reached XP level 24. HP: 227/227 MP: 10/54
    39 | D        | Noticed a destroyer
    40 | D        | Killed a large bag of meat
    41 | D        | Reached XP level 25. HP: 234/234 MP: 10/54
    43 | D        | Killed a destroyer
    43 | D        | Reached XP level 26. HP: 242/242 MP: 11/54
    43 | D        | Noticed a destroyer
    43 | D        | Noticed a destroyer
    44 | D        | Killed a destroyer
    47 | D        | Killed a destroyer
    47 | D        | Reached XP level 27. HP: 249/249 MP: 12/54
    48 | D        | Killed a destroyer
    49 | D        | Noticed a destroyer
    50 | D        | Killed a destroyer
    50 | D        | Noticed an accursed
    53 | D        | Noticed a destroyer
    53 | D        | Noticed a destroyer
    55 | D        | HP: 12/249 [bag of meat/+9 war axe (23)]
    58 | D        | Noticed an accursed
    59 | D        | Killed a destroyer
    59 | D        | Killed a destroyer
    61 | D        | Noticed a tyrant
    62 | D        | Noticed a meat beast
    63 | D        | Noticed a destroyer
    64 | D        | Killed a destroyer
    64 | D        | Noticed a destroyer
    65 | D        | Noticed a dread
    66 | D        | Killed a destroyer
    68 | D        | Killed a meat beast
    68 | D        | Killed a destroyer
    71 | D        | Killed an accursed
    71 | D        | Killed an accursed
    72 | D        | Noticed a dread
    73 | D        | Killed a tyrant
    73 | D        | Noticed a meat beast
    75 | D        | Killed a dread
    79 | D        | Killed a meat beast
    81 | D        | Noticed a meat beast
    82 | D        | Killed a dread
    83 | D        | Killed a meat beast
    83 | D        | Noticed a meat beast
    85 | D        | Noticed a meat beast
    87 | D        | Noticed a meat beast
    87 | D        | Noticed a destroyer
    88 | D        | Killed a meat beast
    89 | D        | Noticed an accursed
    90 | D        | Noticed a large bag of meat
    91 | D        | Killed a meat beast
    91 | D        | Killed an accursed
    93 | D        | Killed a destroyer
    96 | D        | Noticed an accursed
    97 | D        | Noticed a tyrant
    99 | D        | Killed a large bag of meat
   100 | D        | Killed a meat beast
   102 | D        | Noticed an accursed
   104 | D        | Killed a tyrant
   104 | D        | Noticed a dread
   105 | D        | Noticed a tyrant
   106 | D        | Killed an accursed
   109 | D        | Noticed an accursed
   112 | D        | Killed an accursed
   113 | D        | HP: 12/244 [something/fireball (57)]
   113 | D        | Killed from afar by a tyrant

Vault maps used:
D:        meatsprint

Skill      XL: |  1  2  3  4  5  6  7  8  9 10 11 12 13 14 15 16 17 18 19 20 21 22 |
---------------+-------------------------------------------------------------------+-----
Fighting       | 13 14 15 17 18 20 22 23 25 27 | 27.0
Short Blades   | 12 13 15 16 18 20 22 23 25 27 | 27.0
Long Blades    | 12 13 15 16 18 20 22 23 25 27 | 27.0
Axes           | 13 14 16 17 19 20 22 24 25 27 | 27.0
Maces & Flails | 12 13 15 16 18 20 22 23 25 27 | 27.0
Polearms       | 12 13 15 16 18 20 22 23 25 27 | 27.0
Staves         | 12 13 15 16 18 20 22 23 25 27 | 27.0
Slings         | 12 13 15 16 18 20 22 23 25 27 | 27.0
Bows           | 12 13 15 16 18 20 22 23 25 27 | 27.0
Crossbows      | 12 13 15 16 18 20 22 23 25 27 | 27.0
Throwing       | 13 14 15 17 18 20 22 23 25 27 | 27.0
Armour         | 12 13 15 16 18 20 22 23 25 27 | 27.0
Dodging        | 13 14 16 17 19 20 22 24 25 27 | 27.0
Stealth        | 12 13 15 16 18 20 22 23 25 27 | 27.0
Shields        | 12 13 15 16 18 20 22 23 25 27 | 27.0
Unarmed Combat | 12 13 15 16 18 20 22 23 25 27 | 27.0
Spellcasting   | 12 13 15 16 18 20 22 23 25 27 | 27.0
Conjurations   | 10 11 13 14 15 17 19 20 22 24 27 | 27.0
Hexes          | 10 11 13 14 15 17 19 20 22 24 27 | 27.0
Charms         | 10 11 13 14 15 17 19 20 22 24 27 | 27.0
Summonings     | 10 11 13 14 15 17 19 20 22 24 27 | 27.0
Necromancy     | 10 11 13 14 15 17 19 20 22 24 27 | 27.0
Translocations | 10 11 13 14 15 17 19 20 22 24 27 | 27.0
Transmutations | 10 11 13 14 15 17 19 20 22 24 27 | 27.0
Fire Magic     | 10 11 13 14 15 17 19 20 22 24 27 | 27.0
Ice Magic      | 10 11 13 14 15 17 19 20 22 24 27 | 27.0
Air Magic      | 10 11 13 14 15 17 19 20 22 24 27 | 27.0
Earth Magic    | 10 11 13 14 15 17 19 20 22 24 27 | 27.0
Poison Magic   | 10 11 13 14 15 17 19 20 22 24 27 | 27.0
Invocations    | 13 14 16 18 19 21 23 25 27 | 27.0
Evocations     | 12 13 15 16 18 20 22 23 25 27 | 27.0

Action                   |  1- 3 |  4- 6 |  7- 9 | 10-12 | 13-15 | 16-18 | 19-21 | 22-24 | 25-27 || total
-------------------------+-------+-------+-------+-------+-------+-------+-------+-------+-------++-------
Melee: Executioner's axe |     1 |       |       |       |     4 |     4 |     8 |     8 |    58 ||    83
Dodge: Dodged            |       |       |       |       |     1 |     1 |     1 |     1 |     5 ||     9

Table legend:
 A = Non-vault XP
 B = Vault XP
 C = Vault XP percentage of total XP
 D = Non-vault monster count
 E = Vault monster count
 F = Vault count percentage of total count
                 A         B        C        D         E       F
            +---------+---------+-------+---------+---------+-------
      Total | 2997129 | 1599430 |  34.8 |      66 |      81 |  55.1
            +---------+---------+-------+---------+---------+-------
          D | 2997129 | 1599430 |  34.8 |      66 |      81 |  55.1
            +---------+---------+-------+---------+---------+-------
